[ AOE2 MATCH · #479469490 ]
UnrankedEthiopians vs Vietnamese
[ REPLAY ANALYSIS · EXTRACTED FROM THE RECORDED GAME ]
Feudal
—
Castle
—
Imperial
—
| APM avg | 0.8 |
| APM peak | 34 |
| eAPM avg | 0.1 |
| Villagers / military | 0 / 0 |
Focus
⚔️ 50.0% · 🌾 50.0%
Feudal
17:28
Castle
23:54
Imperial
28:32
| APM avg | 21.9 |
| APM peak | 58 |
| eAPM avg | 17.1 |
| Villagers / military | 90 / 5 |
Focus
⚔️ 17.5% · 🌾 82.5%
Fishing Ship ×41 · Unknown (1974) ×30 · Unknown (1948) ×6 · Demolition Raft ×4 · Unknown (2626) ×2 · Monk ×1
Feudal
—
Castle
—
Imperial
—
| APM avg | 0.8 |
| APM peak | 34 |
| eAPM avg | 0.1 |
| Villagers / military | 0 / 0 |
Feudal
16:55
Castle
25:25
Imperial
—
| APM avg | 13.4 |
| APM peak | 37 |
| eAPM avg | 9.3 |
| Villagers / military | 58 / 58 |
Focus
⚔️ 15.1% · 🌾 84.9%
Cavalry Archer ×58 · Fishing Ship ×42 · Unknown (2626) ×4
Feudal
—
Castle
—
Imperial
—
| APM avg | 0.1 |
| APM peak | 3 |
| eAPM avg | 0.1 |
| Villagers / military | 0 / 0 |
Feudal
12:49
Castle
23:15
Imperial
—
| APM avg | 25.2 |
| APM peak | 59 |
| eAPM avg | 15.4 |
| Villagers / military | 66 / 69 |
Focus
⚔️ 31.6% · 🌾 68.4%
Militia ×41 · Galley ×12 · Fishing Ship ×6 · Battering Ram ×6 · Knight ×5 · Composite Bowman ×4
Feudal
—
Castle
—
Imperial
—
| APM avg | 0.1 |
| APM peak | 3 |
| eAPM avg | 0.1 |
| Villagers / military | 0 / 0 |
Feudal
14:05
Castle
18:07
Imperial
—
| APM avg | 38.7 |
| APM peak | 88 |
| eAPM avg | 11.0 |
| Villagers / military | 36 / 24 |
Focus
⚔️ 27.5% · 🌾 72.5%
Mangudai ×22 · Fishing Ship ×15 · Transport Ship ×2
Match map
Initial resources + every placement click. Lines = walls · curves = elevation contours. ◆ gold · ⬟ stone · ● berries · ✦ relic · ◌ wall gap
Inputs per minute
— Louis Croix V Baton - - Chancellor Lizard
Build order — Louis Croix V Baton
2 actions detected in the replay
| 0:30 | Build | Town Center |
| 0:34 | Build | Dock |
Build order — Chancellor Lizard
First 150 of 296 actions detected
| 0:13 | Build | Town Center |
| 0:39 | Build | Dock |
| 0:41 | Build | House |
| 2:32 | Create | Villager (Male) |
| 2:33 | Create | Villager (Male) |
| 2:33 | Create | Villager (Male) |
| 2:33 | Create | Villager (Male) |
| 2:33 | Create | Villager (Male) |
| 3:30 | Create | Villager (Male) |
| 3:30 | Create | Villager (Male) |
| 3:32 | Create | Fishing Ship |
| 4:26 | Build | House |
| 4:49 | Create | Fishing Ship |
| 5:18 | Create | Villager (Male) |
| 5:18 | Create | Villager (Male) |
| 5:39 | Create | Villager (Male) |
| 5:39 | Create | Villager (Male) |
| 5:43 | Build | House |
| 5:52 | Create | Villager (Male) |
| 5:52 | Create | Villager (Male) |
| 6:16 | Create | Villager (Male) |
| 6:16 | Create | Villager (Male) |
| 6:24 | Create | Villager (Male) |
| 6:24 | Create | Villager (Male) |
| 6:42 | Create | Fishing Ship |
| 7:08 | Create | Villager (Male) |
| 7:09 | Create | Villager (Male) |
| 7:20 | Create | Villager (Male) |
| 7:27 | Build | House |
| 7:28 | Build | House |
| 7:31 | Create | Villager (Male) |
| 7:43 | Create | Fishing Ship |
| 8:05 | Create | Fishing Ship |
| 8:08 | Create | Villager (Male) |
| 8:39 | Build | Dock |
| 8:45 | Create | Villager (Male) |
| 8:58 | Build | Lumber Camp |
| 9:10 | Create | Fishing Ship |
| 9:23 | Create | Villager (Male) |
| 9:23 | Create | Villager (Male) |
| 9:31 | Create | Fishing Ship |
| 9:51 | Create | Fishing Ship |
| 10:05 | Build | House |
| 10:06 | Build | House |
| 10:08 | Create | Villager (Male) |
| 10:15 | Create | Fishing Ship |
| 10:25 | Create | Fishing Ship |
| 10:28 | Create | Villager (Male) |
| 10:38 | Create | Fishing Ship |
| 10:45 | Create | Fishing Ship |
| 10:46 | Create | Fishing Ship |
| 10:58 | Create | Fishing Ship |
| 11:22 | Create | Fishing Ship |
| 11:22 | Create | Fishing Ship |
| 11:24 | Create | Villager (Male) |
| 11:42 | Create | Fishing Ship |
| 11:43 | Create | Fishing Ship |
| 11:43 | Create | Fishing Ship |
| 11:52 | Create | Villager (Male) |
| 11:57 | Build | House |
| 11:57 | Build | House |
| 12:08 | Create | Fishing Ship |
| 12:11 | Create | Villager (Male) |
| 12:31 | Create | Fishing Ship |
| 12:36 | Create | Fishing Ship |
| 12:43 | Create | Villager (Male) |
| 12:50 | Build | Lumber Camp |
| 12:57 | Create | Villager (Male) |
| 13:01 | Build | Mining Camp |
| 13:07 | Create | Fishing Ship |
| 13:36 | Create | Villager (Male) |
| 13:38 | Create | Fishing Ship |
| 13:38 | Create | Fishing Ship |
| 13:47 | Build | Dock |
| 14:12 | Build | House |
| 14:12 | Build | House |
| 14:54 | Build | Dock |
| 15:06 | Create | Fishing Ship |
| 15:06 | Create | Fishing Ship |
| 15:07 | Create | Fishing Ship |
| 15:07 | Create | Fishing Ship |
| 15:18 | Research | Feudal Age |
| 15:19 | Research | Feudal Age |
| 15:27 | Create | Fishing Ship |
| 15:27 | Create | Fishing Ship |
| 15:27 | Create | Fishing Ship |
| 15:27 | Create | Fishing Ship |
| 15:48 | Build | Dock |
| 16:55 | Build | Dock |
| 17:17 | Build | Mill |
| 17:19 | Create | Villager (Male) |
| 17:19 | Create | Villager (Male) |
| 17:20 | Research | Loom |
| 17:23 | Create | Fishing Ship ×5 |
| 17:23 | Create | Fishing Ship ×3 |
| 17:28 | Age | Feudal Age |
| 17:37 | Build | House |
| 17:37 | Build | House |
| 17:55 | Build | Market |
| 18:19 | Research | Gold Mining |
| 18:43 | Build | Blacksmith |
| 18:45 | Create | Villager (Male) |
| 18:46 | Research | Double-Bit Axe |
| 19:00 | Create | Demolition Raft |
| 19:00 | Create | Demolition Raft |
| 19:12 | Research | Tech 906 |
| 19:26 | Create | Villager (Male) |
| 19:28 | Research | Stone Mining |
| 19:38 | Build | House |
| 19:39 | Build | House |
| 19:40 | Build | House |
| 19:41 | Build | House |
| 19:51 | Create | Villager (Male) |
| 19:51 | Create | Villager (Male) |
| 19:59 | Build | House |
| 20:00 | Build | House |
| 20:07 | Create | Demolition Raft |
| 20:07 | Create | Demolition Raft |
| 20:53 | Research | Castle Age |
| 21:02 | Build | House |
| 21:03 | Build | House |
| 21:05 | Build | House |
| 21:07 | Build | House |
| 21:07 | Build | House |
| 21:26 | Build | Barracks |
| 21:27 | Build | Barracks |
| 21:27 | Build | Barracks |
| 21:28 | Build | Barracks |
| 22:13 | Build | Barracks |
| 22:15 | Build | Barracks |
| 22:31 | Build | House |
| 22:32 | Build | House |
| 23:05 | Build | Dock |
| 23:06 | Research | Town Watch |
| 23:54 | Age | Castle Age |
| 24:01 | Build | University |
| 24:08 | Build | Monastery |
| 24:29 | Research | Gold Shaft Mining |
| 24:32 | Create | Villager (Male) |
| 24:32 | Create | Villager (Male) |
| 24:34 | Build | Lumber Camp |
| 24:42 | Build | Town Center |
| 24:56 | Create | Monk |
| 25:04 | Research | Imperial Age |
| 25:21 | Research | Gillnets |
| 25:31 | Research | Bow Saw |
| 25:32 | Create | Villager (Male) |
| 25:40 | Research | Squires |
| 26:05 | Research | Scale Mail Armor |
| 26:06 | Research | Forging |
Build order — chengyp8676
0 actions detected in the replay
Build order — maniak
First 150 of 193 actions detected
| 0:24 | Build | Town Center |
| 2:41 | Create | Villager (Male) |
| 2:41 | Create | Villager (Male) |
| 2:41 | Create | Villager (Male) |
| 2:42 | Create | Villager (Male) |
| 2:42 | Create | Villager (Male) |
| 2:56 | Build | House |
| 4:17 | Create | Villager (Male) |
| 4:18 | Create | Villager (Male) |
| 4:33 | Build | Dock |
| 4:45 | Create | Villager (Male) |
| 5:44 | Create | Villager (Male) |
| 5:44 | Create | Villager (Male) |
| 5:57 | Create | Fishing Ship |
| 5:57 | Create | Fishing Ship |
| 6:02 | Build | House |
| 8:15 | Create | Villager (Male) |
| 8:16 | Create | Villager (Male) |
| 8:16 | Create | Villager (Male) |
| 8:25 | Create | Fishing Ship |
| 8:26 | Create | Fishing Ship |
| 8:26 | Create | Fishing Ship |
| 8:26 | Create | Fishing Ship |
| 8:27 | Create | Fishing Ship |
| 8:27 | Create | Fishing Ship |
| 8:27 | Create | Fishing Ship |
| 8:31 | Build | House |
| 8:34 | Build | House |
| 9:19 | Research | Loom |
| 9:25 | Create | Fishing Ship |
| 9:47 | Create | Villager (Male) |
| 9:48 | Create | Villager (Male) |
| 9:54 | Create | Villager (Male) |
| 9:54 | Create | Villager (Male) |
| 9:54 | Create | Villager (Male) |
| 10:02 | Create | Fishing Ship |
| 10:56 | Build | Lumber Camp |
| 10:59 | Create | Villager (Male) |
| 10:59 | Create | Villager (Male) |
| 10:59 | Create | Villager (Male) |
| 11:12 | Create | Villager (Male) |
| 11:30 | Create | Fishing Ship |
| 11:35 | Build | House |
| 12:13 | Build | Dock |
| 12:16 | Create | Villager (Male) |
| 12:16 | Create | Villager (Male) |
| 12:16 | Create | Villager (Male) |
| 12:53 | Build | Mill |
| 13:03 | Build | House |
| 13:04 | Build | House |
| 13:11 | Create | Fishing Ship |
| 13:28 | Create | Fishing Ship |
| 13:36 | Create | Villager (Male) |
| 13:58 | Build | House |
| 13:58 | Build | House |
| 14:02 | Create | Fishing Ship |
| 14:15 | Create | Fishing Ship |
| 14:21 | Create | Villager (Male) |
| 14:36 | Create | Fishing Ship |
| 14:41 | Research | Feudal Age |
| 14:51 | Build | Lumber Camp |
| 15:10 | Create | Fishing Ship |
| 15:17 | Build | House |
| 15:23 | Build | House |
| 15:24 | Build | House |
| 15:49 | Build | Dock |
| 15:58 | Create | Fishing Ship |
| 16:03 | Create | Villager (Male) |
| 16:04 | Create | Villager (Male) |
| 16:04 | Create | Villager (Male) |
| 16:49 | Create | Fishing Ship |
| 16:49 | Create | Fishing Ship |
| 16:55 | Age | Feudal Age |
| 17:03 | Build | Market |
| 17:09 | Research | Double-Bit Axe |
| 17:21 | Create | Fishing Ship |
| 17:38 | Create | Fishing Ship |
| 18:03 | Create | Villager (Male) |
| 18:04 | Create | Villager (Male) |
| 18:15 | Create | Fishing Ship |
| 18:15 | Create | Fishing Ship |
| 18:21 | Create | Fishing Ship |
| 18:22 | Create | Fishing Ship |
| 18:28 | Create | Villager (Male) |
| 18:29 | Create | Villager (Male) |
| 19:05 | Create | Fishing Ship |
| 19:11 | Research | Tech 906 |
| 19:11 | Create | Fishing Ship |
| 19:11 | Create | Fishing Ship |
| 19:50 | Create | Villager (Male) |
| 20:04 | Create | Villager (Male) |
| 20:12 | Create | Fishing Ship |
| 20:12 | Create | Fishing Ship |
| 20:31 | Create | Villager (Male) |
| 20:31 | Create | Villager (Male) |
| 20:31 | Create | Villager (Male) |
| 20:54 | Build | Mining Camp |
| 21:03 | Create | Fishing Ship |
| 21:04 | Create | Fishing Ship |
| 21:30 | Create | Villager (Male) |
| 21:30 | Create | Villager (Male) |
| 21:36 | Build | House |
| 21:39 | Build | House |
| 21:40 | Build | House |
| 21:40 | Build | House |
| 21:41 | Build | House |
| 21:43 | Build | House |
| 21:46 | Build | House |
| 21:47 | Build | House |
| 21:48 | Build | House |
| 22:00 | Build | Blacksmith |
| 22:12 | Build | Dock |
| 22:39 | Research | Castle Age |
| 22:48 | Research | Fletching |
| 22:48 | Research | Padded Archer Armor |
| 22:55 | Create | Fishing Ship |
| 22:56 | Create | Fishing Ship |
| 23:12 | Build | Barracks |
| 24:02 | Create | Fishing Ship |
| 24:02 | Create | Fishing Ship |
| 24:11 | Create | Fishing Ship |
| 24:11 | Create | Fishing Ship |
| 24:16 | Create | Fishing Ship |
| 24:16 | Create | Fishing Ship |
| 24:25 | Build | Archery Range |
| 24:40 | Create | Villager (Male) |
| 24:40 | Create | Villager (Male) |
| 24:41 | Create | Villager (Male) |
| 24:41 | Create | Villager (Male) |
| 24:41 | Create | Villager (Male) |
| 24:56 | Build | Stable |
| 25:24 | Build | Archery Range |
| 25:25 | Age | Castle Age |
| 25:30 | Research | Bodkin Arrow |
| 25:30 | Research | Leather Archer Armor |
| 25:32 | Create | Villager (Male) |
| 25:33 | Create | Villager (Male) |
| 25:41 | Research | Bow Saw |
| 25:52 | Create | Cavalry Archer |
| 25:52 | Create | Cavalry Archer |
| 26:35 | Research | Husbandry |
| 26:37 | Create | Villager (Male) |
| 26:38 | Create | Villager (Male) |
| 26:45 | Build | Archery Range |
| 26:47 | Create | Cavalry Archer ×5 |
| 26:48 | Create | Cavalry Archer ×5 |
| 26:49 | Create | Cavalry Archer |
| 26:49 | Create | Cavalry Archer |
| 27:31 | Create | Cavalry Archer ×5 |
| 27:31 | Create | Cavalry Archer ×5 |
Build order — L-loin
0 actions detected in the replay
Build order — pini
First 150 of 251 actions detected
| 0:34 | Build | Town Center |
| 2:36 | Create | Villager (Male) |
| 2:36 | Create | Villager (Male) |
| 2:36 | Create | Villager (Male) |
| 2:37 | Create | Villager (Male) |
| 2:37 | Create | Villager (Male) |
| 2:51 | Build | House |
| 2:56 | Build | Dock |
| 4:50 | Create | Villager (Male) |
| 5:24 | Create | Villager (Male) |
| 5:24 | Create | Villager (Male) |
| 5:27 | Create | Fishing Ship |
| 5:27 | Create | Fishing Ship |
| 5:39 | Build | House |
| 5:43 | Create | Villager (Male) |
| 5:43 | Create | Villager (Male) |
| 6:17 | Create | Villager (Male) |
| 6:17 | Create | Villager (Male) |
| 6:21 | Create | Fishing Ship |
| 6:48 | Create | Villager (Male) |
| 6:48 | Create | Villager (Male) |
| 6:53 | Create | Fishing Ship |
| 7:15 | Create | Villager (Male) |
| 7:19 | Research | Loom |
| 7:23 | Build | House |
| 7:39 | Build | House |
| 7:41 | Create | Villager (Male) |
| 7:41 | Create | Villager (Male) |
| 7:46 | Create | Villager (Male) |
| 8:09 | Create | Villager (Male) |
| 8:09 | Create | Villager (Male) |
| 8:10 | Create | Villager (Male) |
| 8:18 | Create | Fishing Ship |
| 8:40 | Create | Villager (Male) |
| 9:14 | Build | Mule Cart |
| 9:23 | Create | Villager (Male) |
| 9:48 | Create | Villager (Male) |
| 10:00 | Build | House |
| 10:15 | Create | Villager (Male) |
| 10:24 | Create | Villager (Male) |
| 10:35 | Research | Feudal Age |
| 10:35 | Research | Feudal Age |
| 11:16 | Build | Barracks |
| 12:07 | Create | Villager (Male) |
| 12:08 | Create | Villager (Male) |
| 12:08 | Create | Villager (Male) |
| 12:25 | Build | Barracks |
| 12:42 | Build | Mule Cart |
| 12:49 | Age | Feudal Age |
| 12:50 | Research | Man-at-Arms (upgrade) |
| 12:58 | Create | Villager (Male) |
| 13:23 | Create | Militia |
| 13:23 | Create | Militia |
| 13:37 | Research | Long Swordsman (upgrade) |
| 13:41 | Create | Villager (Male) |
| 13:50 | Build | Blacksmith |
| 13:54 | Research | Double-Bit Axe |
| 13:56 | Create | Militia |
| 13:56 | Create | Militia |
| 14:08 | Create | Villager (Male) |
| 14:08 | Create | Villager (Male) |
| 14:14 | Build | House |
| 14:24 | Research | Arson |
| 14:28 | Create | Militia |
| 14:28 | Create | Militia |
| 14:34 | Create | Militia |
| 14:34 | Create | Militia |
| 14:43 | Build | Mill |
| 14:50 | Create | Villager (Male) |
| 14:51 | Create | Militia |
| 14:56 | Create | Militia |
| 15:20 | Build | Market |
| 15:26 | Create | Militia |
| 15:26 | Create | Militia |
| 15:35 | Build | House |
| 15:39 | Create | Militia |
| 15:40 | Create | Militia |
| 15:51 | Build | House |
| 15:59 | Research | Scale Mail Armor |
| 16:04 | Create | Militia |
| 16:05 | Create | Militia |
| 16:11 | Create | Villager (Male) |
| 16:26 | Create | Militia |
| 16:27 | Create | Militia |
| 16:35 | Build | Farm |
| 16:36 | Build | Farm |
| 16:42 | Build | Farm |
| 16:47 | Build | Farm |
| 16:48 | Create | Militia |
| 16:48 | Create | Militia |
| 16:54 | Research | Scale Mail Armor |
| 17:09 | Build | Farm |
| 17:20 | Create | Militia |
| 17:20 | Create | Militia |
| 17:28 | Build | House |
| 17:33 | Create | Fishing Ship |
| 17:36 | Create | Militia |
| 17:36 | Create | Militia |
| 17:48 | Build | Farm |
| 17:49 | Create | Villager (Male) |
| 17:52 | Create | Militia |
| 17:52 | Create | Militia |
| 17:53 | Create | Militia |
| 17:54 | Create | Villager (Male) |
| 17:55 | Create | Villager (Male) |
| 17:58 | Research | Forging |
| 18:05 | Build | Farm |
| 18:10 | Build | Farm |
| 18:19 | Create | Militia |
| 18:19 | Create | Militia |
| 18:50 | Create | Militia |
| 18:50 | Create | Militia |
| 19:04 | Create | Transport Ship |
| 19:09 | Build | House |
| 19:10 | Build | House |
| 19:13 | Build | House |
| 19:17 | Create | Villager (Male) |
| 19:20 | Research | Wheelbarrow |
| 19:50 | Create | Militia |
| 19:51 | Create | Militia |
| 19:53 | Research | Castle Age |
| 20:44 | Build | Watch Tower |
| 21:18 | Create | Villager (Male) |
| 21:18 | Create | Villager (Male) |
| 21:26 | Build | Mule Cart |
| 22:39 | Create | Villager (Male) |
| 22:39 | Create | Villager (Male) |
| 23:09 | Create | Villager (Male) |
| 23:15 | Age | Castle Age |
| 23:18 | Build | Stable |
| 23:24 | Build | Stable |
| 24:07 | Create | Villager (Male) |
| 24:07 | Create | Villager (Male) |
| 24:20 | Build | Monastery |
| 24:38 | Build | Castle |
| 24:49 | Create | Knight |
| 24:49 | Create | Knight |
| 24:49 | Create | Knight |
| 24:58 | Create | Villager (Male) |
| 24:58 | Create | Villager (Male) |
| 24:59 | Create | Villager (Male) |
| 25:22 | Build | Monastery |
| 25:37 | Build | Farm |
| 25:42 | Create | Knight |
| 25:42 | Create | Knight |
| 26:45 | Build | Castle |
| 27:21 | Build | Siege Workshop |
| 27:33 | Create | Villager (Male) |
| 27:33 | Create | Villager (Male) |
| 27:34 | Create | Villager (Male) |
Build order — 素素村长
0 actions detected in the replay
Build order — La Apple
107 actions detected in the replay
| 0:24 | Build | Town Center |
| 1:31 | Build | Dock |
| 1:33 | Build | House |
| 2:59 | Create | Villager (Male) |
| 2:59 | Create | Villager (Male) |
| 3:00 | Create | Villager (Male) |
| 3:23 | Create | Villager (Male) |
| 3:23 | Create | Villager (Male) |
| 4:07 | Create | Fishing Ship |
| 4:07 | Create | Fishing Ship |
| 4:48 | Create | Fishing Ship |
| 4:49 | Create | Fishing Ship |
| 4:54 | Build | House |
| 4:58 | Create | Villager (Male) |
| 4:58 | Create | Villager (Male) |
| 5:47 | Create | Fishing Ship |
| 5:48 | Create | Fishing Ship |
| 5:48 | Create | Fishing Ship |
| 6:13 | Create | Villager (Male) |
| 6:13 | Create | Villager (Male) |
| 6:21 | Build | House |
| 6:38 | Create | Fishing Ship |
| 6:39 | Create | Fishing Ship |
| 6:45 | Create | Villager (Male) |
| 6:46 | Create | Villager (Male) |
| 6:53 | Create | Fishing Ship |
| 6:53 | Create | Fishing Ship |
| 7:24 | Create | Villager (Male) |
| 7:25 | Create | Villager (Male) |
| 7:32 | Build | House |
| 7:37 | Research | Loom |
| 8:16 | Create | Villager (Male) |
| 8:16 | Create | Villager (Male) |
| 8:16 | Create | Villager (Male) |
| 8:18 | Create | Fishing Ship |
| 8:18 | Create | Fishing Ship |
| 8:28 | Build | Palisade Wall |
| 8:45 | Create | Villager (Male) |
| 8:45 | Create | Villager (Male) |
| 8:56 | Create | Villager (Male) |
| 8:57 | Create | Villager (Male) |
| 9:25 | Build | House |
| 9:50 | Create | Fishing Ship |
| 9:51 | Create | Fishing Ship |
| 10:52 | Build | Mill |
| 11:26 | Build | Mining Camp |
| 11:30 | Create | Villager (Male) |
| 11:40 | Research | Feudal Age |
| 11:58 | Create | Villager (Male) |
| 11:58 | Create | Villager (Male) |
| 12:11 | Build | House |
| 12:15 | Build | Palisade Wall |
| 12:23 | Build | Palisade Wall |
| 12:25 | Build | Palisade Wall |
| 12:30 | Build | Palisade Wall |
| 12:40 | Build | Dock |
| 13:22 | Build | Palisade Wall |
| 14:05 | Age | Feudal Age |
| 14:25 | Build | Blacksmith |
| 14:36 | Build | Market |
| 15:19 | Build | Mining Camp |
| 15:27 | Research | Castle Age |
| 15:27 | Research | Castle Age |
| 15:34 | Research | Stone Mining |
| 15:34 | Research | Stone Mining |
| 16:00 | Create | Villager (Male) |
| 16:01 | Create | Villager (Male) |
| 17:11 | Create | Villager (Male) |
| 17:12 | Create | Villager (Male) |
| 18:04 | Create | Villager (Male) |
| 18:04 | Create | Villager (Male) |
| 18:07 | Age | Castle Age |
| 18:07 | Build | House |
| 18:27 | Build | House |
| 18:30 | Build | House |
| 18:35 | Build | Castle |
| 18:50 | Build | Palisade Wall |
| 19:03 | Create | Villager (Male) |
| 19:03 | Create | Villager (Male) |
| 19:13 | Build | House |
| 19:55 | Create | Mangudai ×2 |
| 19:55 | Create | Mangudai ×2 |
| 20:18 | Research | Fletching |
| 20:18 | Research | Fletching |
| 20:41 | Create | Villager (Male) |
| 20:42 | Create | Villager (Male) |
| 21:35 | Build | House |
| 21:36 | Build | House |
| 21:42 | Build | Farm |
| 21:42 | Build | Farm |
| 21:42 | Build | Farm |
| 21:44 | Build | Farm |
| 24:06 | Create | Mangudai |
| 24:06 | Create | Mangudai |
| 24:06 | Create | Mangudai |
| 25:21 | Create | Mangudai |
| 25:21 | Create | Mangudai |
| 25:22 | Create | Mangudai |
| 26:32 | Create | Mangudai ×4 |
| 26:33 | Create | Mangudai ×4 |
| 26:33 | Create | Mangudai ×4 |
| 26:59 | Create | Villager (Male) |
| 26:59 | Create | Villager (Male) |
| 26:59 | Create | Villager (Male) |
| 27:25 | Create | Transport Ship |
| 28:29 | Build | Dock |
| 29:22 | Create | Transport Ship |
Match timeline
| 0:09 | 素素村长 · resign |
| 0:34 | Louis Croix V Baton · first_building Dock |
| 0:39 | Chancellor Lizard · first_building Dock |
| 1:31 | La Apple · first_building Dock |
| 2:56 | pini · first_building Dock |
| 4:33 | maniak · first_building Dock |
| 8:28 | La Apple · wall_segment Palisade Wall x1 |
| 11:16 | pini · first_building Barracks |
| 12:15 | La Apple · wall_segment Palisade Wall x2 |
| 12:23 | La Apple · wall_segment Palisade Wall x4 |
| 12:25 | La Apple · wall_segment Palisade Wall x1 |
| 12:30 | La Apple · wall_segment Palisade Wall x1 |
| 12:49 | pini · age_up feudal |
| 13:22 | La Apple · wall_segment Palisade Wall x3 |
| 14:05 | La Apple · age_up feudal |
| 16:18 | pini · first_market_buy 100 food |
| 16:21 | pini · first_market_sell 100 stone |
| 16:55 | maniak · age_up feudal |
| 17:28 | Chancellor Lizard · age_up feudal |
| 17:50 | maniak · tribute_sent a jugador 1 |
| 17:50 | maniak · tribute_sent a jugador 2 |
| 17:50 | maniak · tribute_sent a jugador 4 |
| 17:50 | maniak · tribute_sent a jugador 5 |
| 17:50 | maniak · tribute_sent a jugador 6 |
| 17:50 | maniak · tribute_sent a jugador 7 |
| 17:50 | maniak · tribute_sent a jugador 8 |
| 18:07 | La Apple · age_up castle |
| 18:19 | La Apple · first_market_buy 100 stone |
| 18:35 | La Apple · first_building Castle |
| 18:50 | La Apple · wall_segment Palisade Wall x1 |
| 19:25 | Chancellor Lizard · tribute_sent a jugador 2 |
| 19:25 | Chancellor Lizard · tribute_sent a jugador 3 |
| 19:25 | Chancellor Lizard · tribute_sent a jugador 4 |
| 19:25 | Chancellor Lizard · tribute_sent a jugador 5 |
| 19:25 | Chancellor Lizard · tribute_sent a jugador 6 |
| 19:25 | Chancellor Lizard · tribute_sent a jugador 7 |
| 19:25 | Chancellor Lizard · tribute_sent a jugador 8 |
| 19:42 | maniak · tribute_sent a jugador 1 |
| 19:42 | maniak · tribute_sent a jugador 2 |
| 19:42 | maniak · tribute_sent a jugador 4 |
| 19:42 | maniak · tribute_sent a jugador 5 |
| 19:42 | maniak · tribute_sent a jugador 6 |
| 19:42 | maniak · tribute_sent a jugador 7 |
| 19:42 | maniak · tribute_sent a jugador 8 |
| 19:52 | La Apple · first_market_sell 100 food |
| 20:52 | Chancellor Lizard · first_market_sell 100 wood |
| 21:26 | Chancellor Lizard · first_building Barracks |
| 21:49 | Chancellor Lizard · tribute_sent a jugador 2 |
| 21:49 | Chancellor Lizard · tribute_sent a jugador 3 |
| 21:49 | Chancellor Lizard · tribute_sent a jugador 4 |
| 21:49 | Chancellor Lizard · tribute_sent a jugador 5 |
| 21:49 | Chancellor Lizard · tribute_sent a jugador 6 |
| 21:49 | Chancellor Lizard · tribute_sent a jugador 7 |
| 21:49 | Chancellor Lizard · tribute_sent a jugador 8 |
| 23:12 | maniak · first_building Barracks |
| 23:15 | pini · age_up castle |
| 23:18 | pini · first_building Stable |
| 23:52 | maniak · tribute_sent a jugador 1 |
| 23:52 | maniak · tribute_sent a jugador 2 |
| 23:52 | maniak · tribute_sent a jugador 4 |
| 23:52 | maniak · tribute_sent a jugador 5 |
| 23:52 | maniak · tribute_sent a jugador 6 |
| 23:52 | maniak · tribute_sent a jugador 7 |
| 23:52 | maniak · tribute_sent a jugador 8 |
| 23:54 | Chancellor Lizard · age_up castle |
| 24:08 | Chancellor Lizard · first_building Monastery |
| 24:20 | pini · first_building Monastery |
| 24:25 | maniak · first_building Archery Range |
| 24:38 | pini · first_building Castle |
| 24:56 | maniak · first_building Stable |
| 25:25 | maniak · age_up castle |
| 27:21 | pini · first_building Siege Workshop |
| 28:28 | maniak · tribute_sent a jugador 1 |
| 28:28 | maniak · tribute_sent a jugador 2 |
| 28:28 | maniak · tribute_sent a jugador 4 |
| 28:28 | maniak · tribute_sent a jugador 5 |
| 28:29 | maniak · tribute_sent a jugador 6 |
| 28:29 | maniak · tribute_sent a jugador 7 |
| 28:29 | maniak · tribute_sent a jugador 8 |
| 28:32 | Chancellor Lizard · age_up imperial |
| 30:26 | Chancellor Lizard · first_market_buy 100 stone |
| 30:35 | maniak · first_market_sell 100 food |
| 31:30 | maniak · first_building Monastery |
| 34:49 | maniak · tribute_sent a jugador 1 |
| 34:49 | maniak · tribute_sent a jugador 2 |
| 34:49 | maniak · tribute_sent a jugador 4 |
| 34:49 | maniak · tribute_sent a jugador 5 |
| 34:49 | maniak · tribute_sent a jugador 6 |
| 34:49 | maniak · tribute_sent a jugador 7 |
| 34:49 | maniak · tribute_sent a jugador 8 |
| 36:13 | Chancellor Lizard · first_building Castle |
[ AI ANALYSIS · 1 CREDIT ]
What really happened in this match?
Wolo.gg analyzes every decision: build order, eco, micro, common mistakes by bracket. Personalized analysis on WhatsApp or Discord in 30 seconds.
Civ guide
Ethiopians
Perfil
Jugador #24022689